 Dungeon Crawl Stone Soup version 0.17-a0-1793-gcbb3aa1 (webtiles) character file.

11915 Pajeet the Imperceptible (level 12, -14/66 HPs)
             Began as a Kobold Assassin on Sept 10, 2015.
             Was a Priest of Dithmenos.
             Demolished by a hill giant
             ... wielding a +0 giant club
              (26 damage)
             ... on level 12 of the Dungeon.
             The game lasted 00:51:47 (11224 turns).

Pajeet the Imperceptible (Kobold Assassin)         Turns: 11224, Time: 00:51:47

Health: -14/66     AC:  5    Str: 10    XL:     12   Next: 13%
Magic:  12/12      EV: 17    Int:  9    God:    Dithmenos [***...]
Gold:   645        SH:  0    Dex: 22    Spells: 1 memorised, 10 levels left

rFire  . . .     SeeInvis .     a - +2 dagger
rCold  . . .     Clarity  .     t - +0 leather armour
rNeg   . . .     SustAt   +     (shield restricted)
rPois  .         Gourm    .     n - +0 helmet
rElec  .         Spirit   .     d - +0 cloak
rCorr  .         Warding  .     (no gloves)
rMut   .         Stasis   .     (no boots)
MR     .....                    j - amulet of regeneration
Stlth  ++++++++++               y - +3 ring of evasion
                                l - ring of sustain attributes

@: wreathed by umbra, not resistant to hostile enchantments, uncannily stealthy
A: carnivore 3
a: Shadow Step, Renounce Religion


You were on level 12 of the Dungeon.
You worshipped Dithmenos.
Dithmenos was most pleased with you.
You were full.

You visited 2 branches of the dungeon, and saw 12 of its levels.
You also visited: Sewer.

You collected 645 gold pieces.

Inventory:

Hand weapons
 a - a +2 dagger (weapon)
 b - a +0 blowgun
 m - a +0 short sword of protection
 z - a +1 short sword of venom
 K - a +0 mace of holy wrath
Missiles
 e - 53 poisoned needles (quivered)
 f - 8 curare-tipped needles
 p - 5 needles of slowing
Armour
 d - a +0 cloak (worn)
 h - a +2 buckler of resistance
 n - a +0 helmet (worn)
 t - a +0 leather armour (worn)
 v - a +1 buckler of protection
Jewellery
 j - an amulet of regeneration (around neck)
 l - a ring of sustain attributes (left hand)
 r - an uncursed ring of fire
 u - an uncursed ring of protection from fire
 x - an uncursed ring of see invisible
 y - a +3 ring of evasion (right hand)
 G - an uncursed amulet of rage
Magical devices
 N - a wand of confusion (12)
 Q - a wand of teleportation (9)
Scrolls
 k - 2 scrolls of fog
 A - 4 scrolls of recharging
 D - 5 scrolls of remove curse
 H - a scroll of amnesia
 P - 3 scrolls of holy word
Potions
 i - 2 potions of ambrosia
 q - 3 potions of curing
 s - 4 potions of flight
 w - a potion of brilliance
 F - a potion of agility
 I - a potion of magic
 O - 2 potions of lignification
 S - 3 potions of might
Books
 C - a book of Frost

   Spells                             Type                      Level
   a - Freeze                         Ice                          1
   b - Throw Frost                    Conjuration/Ice              2
   c - Ozocubu's Armour               Charms/Ice                   3
   d - Throw Icicle                   Conjuration/Ice              4
   e - Summon Ice Beast               Ice/Summoning                4
   f - Condensation Shield            Ice                          4
 U - a book of Battle

   Spells                             Type                      Level
   a - Infusion                       Charms                       1
   b - Shroud of Golubria             Charms/Translocation         2
   c - Song of Slaying                Charms                       2
   d - Spectral Weapon                Hexes/Charms                 3
   e - Regeneration                   Charms/Necromancy            3
Comestibles
 c - a slice of pizza
 g - 9 meat rations
 o - 2 royal jellies
 B - 5 beef jerkies


   Skills:
 - Level 4.2 Fighting
 - Level 10.2 Short Blades
 - Level 2.6 Throwing
 - Level 1.2 Dodging
 + Level 22.2 Stealth


You had 10 spell levels left.
You knew the following spells:

 Your Spells              Type           Power        Failure   Level  Hunger
a - Infusion              Chrm           #.....       58%         1    ##.....


Dungeon Overview and Level Annotations

Branches:
Dungeon (12/15)            Temple (1/1) D:4            Lair (0/8) D:9
    Orc (0/4) D:10

Altars:
Dithmenos
Fedhas
Gozag
Kikubaaqudgha
Makhleb
Nemelex Xobeh
Okawaru
Qazlal
Sif Muna
Trog
Xom
Yredelemnul
The Shining One

Shops:
D:4 *


Innate Abilities, Weirdness & Mutations

You are small and have problems with some larger weapons.
You are carnivorous and can eat meat at any time.


Message History

You see here a spear.
The hill giant hits you with a giant club!
There is an open door, spattered with blood here.
There is an open door here.
The hill giant closely misses you.
The hill giant hits you with a giant club!!
You hit the hill giant but do no damage.
You barely miss the hill giant. The hill giant closely misses you.
You hit the hill giant.
The hill giant is lightly wounded.
You hit the hill giant.
The hill giant is lightly wounded.
You hit the hill giant.
The hill giant is lightly wounded.
The hill giant hits you with a giant club!!
* * * LOW HITPOINT WARNING * * *
You hit the hill giant but do no damage.
The hill giant is lightly wounded.
The hill giant hits you with a giant club!!
You die...

########### ..........# ####
..........# ###############...
..........# ####..........#..'...
..........###...@.........#.##...
..........'...##.C..........##...
..........######..........####...
######'#### #..........# #### #.#
######.##### ##.# #..# ##.># #.##
##).## .. #..## ###


You could see a hill giant.

Vanquished Creatures
  Maud (D:10)
  Pikel (D:7)
  An ugly thing (D:12)
  A cyclops (D:10)
  A troll (D:10)
  A two-headed ogre (D:10)
  A slime creature (D:10)
  A spriggan (D:9)
  A shadow (D:10)
  A deep elf mage (D:8)
  A deep elf fighter (D:9)
  2 hippogriffs
  5 orc warriors
  3 ice beasts
  A water moccasin (D:9)
  4 sky beasts
  2 phantoms
  An eye of draining (D:9)
  3 necrophages
  4 centaurs
  4 ogres
  A slave (D:7)
  6 giant frogs
  A big kobold (D:7)
  A brain worm (D:9)
  2 water moccasin zombies (D:7)
  A water moccasin skeleton (D:10)
  6 scorpions
  A jelly (D:10)
  2 centaur zombies
  5 crimson imps
  3 centaur skeletons
  2 orc priests (D:7)
  8 hounds
  3 giant frog skeletons
  5 orc wizards
  9 worker ants
  A gnoll shaman (D:4)
  2 iguanas
  A killer bee zombie (D:7)
  3 hound zombies
  A hound skeleton (D:5)
  2 worker ant zombies
  12 adders
  7 gnolls
  5 river rats (D:9)
  6 shadow imps
  An ooze (D:3)
  4 worms
  4 giant geckos
  24 orcs
  4 ball pythons
  14 bats
  9 giant cockroaches
  9 hobgoblins
  7 jackals
  15 kobolds
  A giant gecko skeleton (D:6)
  3 giant newts
  12 goblins
  5 quokkas
  13 rats
261 creatures vanquished.

Vanquished Creatures (others)
  A slave (D:7)
  2 orc wizards (D:7)
  An orc priest (D:7)
  A shadow imp (D:7)
  4 orcs (D:7)
  A fungus (D:9)
10 creatures vanquished.

Grand Total: 271 creatures vanquished

Notes
Turn   | Place    | Note
--------------------------------------------------------------
     0 | D:1      | Pajeet the Kobold Assassin began the quest for the Orb.
     0 | D:1      | Reached XP level 1. HP: 12/12 MP: 1/1
   205 | D:1      | Reached XP level 2. HP: 5/17 MP: 2/2
   737 | D:1      | Reached XP level 3. HP: 21/21 MP: 3/3
  1273 | D:2      | Reached skill level 5 in Short Blades
  1403 | D:2      | Reached XP level 4. HP: 26/26 MP: 4/4
  1775 | D:2      | Reached skill level 6 in Short Blades
  1945 | D:3      | Reached XP level 5. HP: 25/30 MP: 5/5
  2257 | D:3      | Reached skill level 7 in Short Blades
  2603 | D:4      | Found a blossoming altar of Fedhas.
  2769 | D:4      | Found a glowing drain.
  2811 | Sewer    | Entered a sewer
  2839 | Sewer    | Noticed Ebilmort's ghost (average HETm)
  2924 | D:4      | Reached XP level 6. HP: 35/35 MP: 6/6
  2947 | D:4      | Found Uzxuqiuch's Assorted Antiques.
  3013 | D:4      | Found a staircase to the Ecumenical Temple.
  3031 | D:4      | Noticed an ogre
  3037 | D:4      | Killed an ogre
  3037 | D:4      | Reached skill level 8 in Short Blades
  3046 | Temple   | Entered the Ecumenical Temple
  3055 | Temple   | Became a worshipper of Dithmenos the Shadowed
  3249 | D:4      | Reached skill level 9 in Short Blades
  3401 | D:4      | Reached XP level 7. HP: 40/40 MP: 7/7
  3672 | D:5      | Entered Level 5 of the Dungeon
  3697 | D:5      | Found a basalt altar of Yredelemnul.
  3777 | D:5      | Reached skill level 10 in Short Blades
  4065 | D:5      | Reached XP level 8. HP: 44/44 MP: 8/8
  4499 | D:6      | Found a bloodstained altar of Trog.
  4501 | D:6      | Found a stormy altar of Qazlal.
  4501 | D:6      | Found a burning altar of Makhleb.
  4502 | D:6      | Found an ancient bone altar of Kikubaaqudgha.
  4597 | D:6      | Found a deep blue altar of Sif Muna.
  4710 | D:6      | Reached skill level 10 in Stealth
  4978 | D:6      | Learned a level 1 spell: Infusion
  5096 | D:6      | Identified a scroll of acquirement
  5372 | D:7      | Reached XP level 9. HP: 43/51 MP: 9/9
  5470 | D:7      | Noticed Pikel
  5514 | D:7      | Killed Pikel
  5514 | D:7      | Reached skill level 12 in Stealth
  5731 | D:7      | Reached skill level 13 in Stealth
  6481 | D:7      | Reached skill level 14 in Stealth
  6528 | D:7      | Reached XP level 10. HP: 37/56 MP: 10/10
  6611 | D:7      | Reached skill level 19 in Stealth
  6611 | D:7      | Reached XP level 11. HP: 60/60 MP: 11/11
  6837 | D:7      | HP: 3/60 [orc warrior/short sword of protection (9)]
  6880 | D:7      | HP: 2/61 [orc warrior/short sword of protection (21)]
  7434 | D:8      | Acquired Dithmenos's first power
  7446 | D:8      | Reached skill level 20 in Stealth
  7911 | D:8      | Found a glowing golden altar of the Shining One.
  8637 | D:9      | Acquired Dithmenos's second power
  8816 | D:9      | HP: 3/61 [poisoned by an orc]
  9096 | D:9      | Found a staircase to the Lair.
  9407 | D:9      | Reached skill level 21 in Stealth
  9589 | D:10     | Entered Level 10 of the Dungeon
  9792 | D:10     | Found a shimmering altar of Xom.
 10155 | D:10     | Found a staircase to the Orcish Mines.
 10186 | D:10     | Noticed Maud
 10189 | D:10     | Killed Maud
 10560 | D:10     | Reached XP level 12. HP: 66/66 MP: 12/12
 10722 | D:10     | Noticed a cyclops
 10725 | D:10     | Killed a cyclops
 10725 | D:10     | Reached skill level 22 in Stealth
 10878 | D:10     | You fall through a shaft!
 11224 | D:12     | Demolished by a hill giant

Vault maps used:
D:1:      minmay_arrival_nine_rooms
D:3:      grunt_ministairs_9
D:4:      minmay_temple_entry_overgrown, gup_sewer_entry_pipe, serial_shops,
          nicolae_shop_overgrown_old_shop, first_bread, fedhas_altar_1
D:5:      yredelemnul_altar_generic
D:6:      lemuel_blue_sif_altar, minitemple, grunt_decor_cap
D:7:      lemuel_old_faithful, uniq_pikel
D:8:      nicolae_tso_swordbearing_angel
D:9:      grunt_lair_entry_elf_guard_hut, the_bakery
D:10:     orc_0_dummy, tgw_xom, uniq_maud
D:12:     uniq_rupert
Temple:   triangle_lava_temple_12
Sewer:    sewer_frog_island_01

Action                   |  1- 3 |  4- 6 |  7- 9 | 10-12 || total
-------------------------+-------+-------+-------+-------++-------
Melee: Dagger            |    85 |   256 |   573 |   531 ||  1445
       Short sword       |       |       |       |   473 ||   473
 Fire: Blowgun           |       |     6 |     3 |       ||     9
 Cast: Infusion          |       |       |     2 |     3 ||     5
Invok: Shadow Step       |       |       |       |     3 ||     3
Evoke: Wand              |       |       |       |     2 ||     2
  Use: Scroll            |       |     3 |    20 |     5 ||    28
       Potion            |       |       |     4 |    12 ||    16
 Stab: Sleeping          |    11 |    16 |    18 |    35 ||    80
       Distracted        |       |     1 |     2 |     3 ||     6
       Confused          |       |       |       |     1 ||     1
       Invisible         |       |       |       |     1 ||     1
  Eat: Chunk             |    10 |     7 |    11 |    18 ||    46
